 Dungeon Crawl Stone Soup version 0.31-a0-521-gc7390f8997 (webtiles) character file.

Game seed: 6241181799132189472

1780 LobsterGuardian the Carver (level 9, -9/67 HPs)
             Began as a Human Monk on Aug 10, 2023.
             Mangled by a gargoyle
             ... wielding a +0 dire flail
              (14 damage)
             ... on level 6 of the Dungeon on Aug 11, 2023.
             The game lasted 00:14:31 (5260 turns).

LobsterGuardian the Carver (Human Monk)             Turns: 5260, Time: 00:14:31

Health: -9/67      AC: 11    Str: 12    XL:     9   Next: 29%
Magic:  18/18      EV: 11    Int: 10    God:
Gold:   293        SH:  0    Dex: 20    Spells: 8/8 levels left

rFire   . . .        a - +1 falchion
rCold   . . .        d - orb {light}
rNeg    . . .        r - +2 scale mail {Will+}
rPois   +            (no helmet)
rElec   .            q - +0 cloak
rCorr   .            j - +0 pair of gloves
SInv    .            (no boots)
Will    +....        (no amulet) Stlth
                     l - ring of poison resistance
HPRegen 0.31/turn    s - ring of magical power
MPRegen 0.16/turn

%: no passive effects
@: glowing, invisible (but backlit and visible) (expiring)
A: no striking features
a: no special abilities


You were on level 6 of the Dungeon.
You visited 1 branch of the dungeon, and saw 6 of its levels.
You also visited: Ossuary.

You collected 293 gold pieces.

Inventory:

Hand Weapons
 a - a +1 falchion (weapon)
Armour
 d - an orb of light (worn)
 g - a +0 scale mail
 j - a +0 pair of gloves (worn)
 q - a +0 cloak (worn)
 r - a +2 scale mail of willpower (worn)
Jewellery
 l - a ring of poison resistance (left hand)
 s - a ring of magical power (right hand)
Wands
 m - a wand of acid (2)
Scrolls
 b - a scroll of acquirement {unknown}
 f - a scroll of blinking
 h - a scroll of vulnerability {unknown}
 i - 3 scrolls of poison
 k - 2 scrolls of amnesia
 n - a scroll of noise {unknown}
 t - a scroll of teleportation {unknown}
Potions
 c - 3 potions of resistance
 e - a potion of brilliance


   Skills:
 + Level 4.9 Fighting
 * Level 9.8 Long Blades
 + Level 4.0 Armour
 + Level 4.2 Dodging


You had 8 spell levels left.
You didn't know any spells.
Your spell library contained the following spells:

 Spells                   Type           Power      Damage    Failure   Level
 Cigotuvi's Dreadful Rot  Necr/Pois/Air  0%         N/A       95%         2
 Ignite Poison            Fire/Tmut/Pois 0%         N/A       99%         3
 Freezing Cloud           Conj/Ice/Air   0%         6-21      100%        5


Dungeon Overview and Level Annotations

Branches:
Dungeon (6/15)            Ossuary (visited)
 Temple: D:4-7

Altars:
Hepliaklqana
Makhleb
Xom


Message History

You feel better. The gargoyle closely misses you.
You barely miss the gargoyle.
The gargoyle is heavily damaged.
The gargoyle hits you but does no damage.
You hit the gargoyle.
The gargoyle is heavily damaged.
Okay, then.
You hit the gargoyle but do no damage.
The gargoyle is heavily damaged.
The gargoyle barely misses you.
You hit the gargoyle.
The gargoyle is severely damaged.
The gargoyle hits you with a +0 dire flail.
* * * LOW HITPOINT WARNING * * *
Okay, then.
You hit the gargoyle.
The gargoyle is almost destroyed.
The gargoyle hits you but does no damage.
You hit the gargoyle but do no damage.
The gargoyle is almost destroyed.
The gargoyle hits you with a +0 dire flail!
* * * LOW HITPOINT WARNING * * *
You hit the gargoyle but do no damage.
The gargoyle is almost destroyed.
The gargoyle barely misses you.
You hit the gargoyle.
The gargoyle is almost destroyed.
You hit the gargoyle but do no damage.
The gargoyle is almost destroyed.
The gargoyle hurls a stone arrow at you.
The stone arrow hits you!
* * * LOW HITPOINT WARNING * * *
You hit the gargoyle.
The gargoyle is almost destroyed.
The gargoyle closely misses you.
You hit the gargoyle but do no damage.
The gargoyle is almost destroyed.
You flicker for a moment.
The gargoyle hits you with a +0 dire flail!
You die...

.##.......#...#.......#
..#.........###.......#
..........#.###.......+
..........#..#........#
#......................#.#
#......................##### #
#....................##[..# ..
#........................##..
#...####...@...###.#.......#
###..####...#9.###..##....).#
##....#.##...#...##..........#
#...........###...#.##.......#
#.....###.#.## .....#......#.#
#....#..##.####..##..####...#.#
###..##......#..###..##.##....#
#...#...#..##.#....#.........
##....†.#...#...#....##......


You could see a gargoyle.

Vanquished Creatures
  Sigmund (D:4)
  Eustachio (D:4)
  A water moccasin (D:3)
  A black bear (D:5)
  A phantom (D:5)
  5 elf zombies (Ossuary)
  A gnoll sergeant (D:5)
  A bullfrog (D:6)
  A scorpion (D:5)
  A wight (D:5)
  A jelly (D:6)
  3 hounds
  A human zombie (Ossuary)
  A sleepcap (D:5)
  An orc wizard (D:6)
  Ijyb (D:5)
  Terence (D:3)
  5 iguanas
  2 mummies (Ossuary)
  Robin (D:3)
  3 gnolls (D:5)
  5 adders
  A white imp (D:5)
  2 worms (D:2)
  A dart slug (D:1)
  19 orcs
  6 endoplasms
  4 giant cockroaches
  10 goblins
  8 hobgoblins
  9 jackals
  3 kobolds
  4 quokkas
  5 bats
  2 frilled lizards
  3 goblin zombies
  12 hobgoblin zombies (Ossuary)
  A jackal zombie (Ossuary)
  8 kobold zombies (Ossuary)
  8 orc zombies (Ossuary)
  3 rats
  A rat zombie (D:5)
149 creatures vanquished.

Vanquished Creatures (others)
  A goblin (D:3)
1 creature vanquished.

Grand Total: 150 creatures vanquished

Notes
Turn   | Place    | Note
-------+----------+-------------------------------------------
     0 | D:1      | LobsterGuardian the Human Monk began the quest for the Orb.
     0 | D:1      | Reached XP level 1. HP: 18/18 MP: 1/1
    48 | D:1      | Reached XP level 2. HP: 24/24 MP: 2/2
    68 | D:1      | Found a faded altar of an unknown god.
   918 | D:2      | Reached XP level 3. HP: 29/29 MP: 3/3
  1368 | D:2      | Reached skill level 4 in Long Blades
  1375 | D:2      | Reached XP level 4. HP: 27/35 MP: 4/4
  1570 | D:3      | Noticed Terence
  1578 | D:3      | Killed Terence
  1647 | D:3      | Noticed a water moccasin
  1680 | D:3      | Killed a water moccasin
  1681 | D:3      | Reached skill level 5 in Long Blades
  1681 | D:3      | Reached XP level 5. HP: 38/42 MP: 5/5
  1681 | D:3      | Reached XP level 6. HP: 43/48 MP: 6/6
  2034 | D:3      | Noticed Robin
  2063 | D:3      | Killed Robin
  2275 | D:4      | Reached skill level 1 in Armour
  2336 | D:4      | Noticed Ijyb
  2345 | D:5      | Entered Level 5 of the Dungeon
  2345 | D:5      | Noticed a black bear
  2350 | D:5      | Reached skill level 6 in Long Blades
  2368 | D:5      | Found a sand-covered staircase.
  2397 | Ossuary  | Entered an ossuary
  2561 | Ossuary  | Reached XP level 7. HP: 53/53 MP: 7/7
  2617 | Ossuary  | Reached skill level 7 in Long Blades
  2856 | Ossuary  | Reached XP level 8. HP: 60/60 MP: 8/8
  3119 | D:5      | Found a shimmering altar of Xom.
  3300 | D:5      | Reached skill level 8 in Long Blades
  3441 | D:5      | Found a hazy altar of Hepliaklqana.
  4308 | D:4      | Noticed Eustachio
  4323 | D:4      | Killed Eustachio
  4324 | D:4      | Reached skill level 9 in Long Blades
  4388 | D:4      | Found a burning altar of Makhleb.
  4446 | D:4      | Noticed Sigmund
  4457 | D:4      | Killed Sigmund
  4458 | D:4      | Reached XP level 9. HP: 52/67 MP: 9/9
  4542 | D:4      | Identified the +6 morningstar of Quick Innocence {venom,
                  | rN+ SInv}
  4920 | D:5      | Killed Ijyb
  5234 | D:6      | Noticed a gargoyle
  5260 | D:6      | Mangled by a gargoyle

Illustrated notes

Levels and vault maps discovered:
D:1:      lightli_arrival_statuegarden, layout_loops_ring,
          dreamdust_ecumenical_altar_grove, serial_forest,
          infiniplex_forest_end_2, infiniplex_forest_clump_tiny,
          infiniplex_forest_end_1, infiniplex_forest_fountain,
          infiniplex_forest_lined_4_way, infiniplex_forest_corner_2,
          infiniplex_forest_straight_1, infiniplex_forest_lined_1, minivault_14,
          corexii_leaking_fountain, kennysheep_another_room,
          hangedman_glass_teeth
D:2:      layout_basic, minmay_stone_trees_small, ebering_dispersal_statue_hall,
          nicolae_half_adder
D:3:      layout_rooms, uniq_terence, uniq_robin
D:4:      layout_rooms, makhleb_heckhound_becter, uniq_eustachio, uniq_sigmund,
          uniq_ijyb
D:5:      layout_cave_pods, lemuel_round_altar,
          nicolae_hepliaklqana_hippocampus, enter_ossuary_4
D:6:      layout_cave_pools, minmay_temple_entry_hall, uniq_menkaure

Skill      XL: |  1  2  3  4  5  6  7  8  9 |
---------------+----------------------------+-----
Long Blades    | 4 5 6 7 9 |  9.8
Armour         | 1 2 3 4 |  4.0
Fighting       | 4 |  4.9
Dodging        | 4 |  4.2

Action                     |  1- 3 |  4- 6 |  7- 9 || total
---------------------------+-------+-------+-------++-------
  Melee: Falchion          |    78 |   208 |   361 ||   647
  Evoke: Wand              |       |       |     4 ||     4
    Use: Scroll            |     2 |     2 |     5 ||     9
         Potion            |       |     5 |     7 ||    12
 Armour: Robe              |    12 |     2 |       ||    14
         Scale mail        |       |    73 |   117 ||   190
  Dodge: Dodged            |    65 |   118 |   156 ||   339

Table legend: (Time is in decaauts)
 A = Elapsed time spent in this place.
 B = Non-inter-level travel time spent in this place.
 C = Inter-level travel time spent in this place.
 D = Time resting spent in this place.
 E = Time spent auto-exploring this place.
 F = Levels seen in this place.
 G = Mean time per level.
                   A        B        C        D        E       F      G
               +--------+--------+--------+--------+--------+-----+--------+
         Total |   5230 |   4933 |    297 |     67 |   3679 |   7 |  747.1 |
       Dungeon |   4686 |   4389 |    297 |     67 |   3453 |   6 |  781.0 |
       Ossuary |    544 |    544 |      0 |      0 |    226 |   1 |  544.0 |
               +--------+--------+--------+--------+--------+-----+--------+

Top non-repeatable levels by time:
     D:5: 1392 daAuts
     D:1: 857 daAuts
     D:4: 821 daAuts
     D:3: 710 daAuts
     D:2: 662 daAuts
 Ossuary: 544 daAuts
     D:6: 243 daAuts
